 Dungeon Crawl Stone Soup version 0.17-a0-1510-gb3fb22e (webtiles) character file.

327 Fluffy the Slasher (level 6, -3/48 HPs)
             Began as a Demonspawn Gladiator on July 11, 2015.
             Succumbed to Duvessa's poison
             ... on level 4 of the Dungeon.
             The game lasted 00:08:25 (4138 turns).

Fluffy the Slasher (Demonspawn Gladiator)           Turns: 4138, Time: 00:08:25

Health: -3/48      AC: 13    Str: 17    XL:     6   Next: 24%
Magic:  6/6        EV:  8    Int:  9    God:
Gold:   221        SH:  0    Dex: 13    Spells: 0 memorised, 5 levels left

rFire  . . .     SeeInvis .     a - +0 long sword
rCold  . . .     Clarity  .     r - +0 chain mail
rNeg   + . .     SustAt   .     (no shield)
rPois  .         Gourm    .     c - +0 helmet
rElec  .         Spirit   +     (no cloak)
rCorr  .         Warding  .     (no gloves)
rMut   .         Stasis   .     (no boots)
MR     .....                    (no amulet)
Stlth  ..........               (no ring)
                                p - ring of positive energy

@: lethally poisoned (-3 -> -62), not resistant to hostile enchantments,
extremely unstealthy
A: rough black scales 1, magic shield, rot immunity
a: no special abilities


You were on level 4 of the Dungeon.
You were hungry.

You visited 1 branch of the dungeon, and saw 4 of its levels.

You collected 221 gold pieces.

Inventory:

Hand weapons
 a - a +0 long sword (weapon)
Missiles
 d - 3 throwing nets
 w - 3 tomahawks (quivered)
Armour
 c - a +0 helmet (worn)
 r - a +0 chain mail (worn)
Jewellery
 p - a ring of positive energy (left hand)
Scrolls
 h - 6 scrolls of remove curse
 j - 6 scrolls of teleportation
 t - a scroll of amnesia
Potions
 b - a potion of cancellation
 g - 3 potions of flight
 i - a potion of lignification
 m - a potion of mutation
 n - a potion of agility
 q - 2 potions of haste
Comestibles
 e - 7 bread rations
 f - 2 meat rations
 o - 3 fruits


   Skills:
 + Level 3.8 Fighting
 + Level 4.1 Long Blades
 - Level 1.7 Throwing
 + Level 2.4 Armour
 + Level 3.8 Dodging


You had 5 spell levels left.
You didn't know any spells.

Dungeon Overview and Level Annotations

Branches:
Dungeon (4/15)
 Temple: D:4-7

Altars:
Ashenzari
Sif Muna

Shops:
D:4 [

Annotations:
D:4 Dowan, Duvessa


Innate Abilities, Weirdness & Mutations

You are partially covered in rough black scales (AC +4, Dex -1).
When hurt, damage is shared between your health and your magic reserves.
You are immune to rotting.


Message History

You feel very sick.
Duvessa says, "Where magic fails, the sword succeeds!"
Duvessa hits you but does no damage.
You are more poisoned.
You hit Duvessa.
Duvessa is lightly wounded.
* * * LOW HITPOINT WARNING * * *
You feel very sick. Duvessa hits you but does no damage.
You hit Duvessa.
Duvessa is lightly wounded.
* * * LOW HITPOINT WARNING * * *
You feel very sick. Duvessa hits you but does no damage.
You are more poisoned.
Drink which item? (? for menu, Esc to quit)
Okay, then.
Your chain mail prevents you from hitting Duvessa.
Duvessa is lightly wounded.
You die...

#.# #.##.......# ####.#
#.########## .....# #.#
########.#### ####(.......#
##########
.....###.##.######........#
###..##..........#.######.#
.........##.####e#.# #.#
.##..##...#.# #@#.#### #.#
.##..#(.....# #......###.#
.##.........# ##<........#
....####.#### #..##.##..#
##### #.# #..##.##..# #.#
#.........# ##'##
#.###.##.## ##...## #.#
#.##.# ##.....## #.###.##.#


You could see Duvessa.

Vanquished Creatures
  A jelly (D:3)
  Jessica (D:1)
  An orc priest (D:4)
  4 worker ants (D:4)
  6 adders
  An ooze (D:1)
  4 worms
  4 giant geckos
  7 orcs
  4 ball pythons
  4 bats
  4 giant cockroaches
  8 goblins
  10 hobgoblins
  3 jackals (D:1)
  2 quokkas (D:3)
  4 giant newts
  4 kobolds
  A quokka skeleton (D:4)
  8 rats
81 creatures vanquished.

Notes
Turn   | Place    | Note
--------------------------------------------------------------
     0 | D:1      | Fluffy the Demonspawn Gladiator began the quest for the Orb.
     0 | D:1      | Reached XP level 1. HP: 16/16 MP: 1/1
   111 | D:1      | Gained mutation: You are partially covered in rough black scales (AC +4, Dex -1). [demonic ancestry]
   111 | D:1      | Reached XP level 2. HP: 18/23 MP: 2/2
   120 | D:1      | Found a shattered altar of Ashenzari.
   293 | D:1      | Reached skill level 3 in Long Blades
   605 | D:1      | Gained mutation: When hurt, damage is shared between your health and your magic reserves. [demonic ancestry]
   605 | D:1      | Reached XP level 3. HP: 26/28 MP: 3/3
   802 | D:2      | Noticed Jessica
   806 | D:1      | Killed Jessica
   806 | D:1      | Reached skill level 1 in Armour
   863 | D:2      | Reached XP level 4. HP: 32/34 MP: 4/4
  1351 | D:2      | Found a deep blue altar of Sif Muna.
  1461 | D:3      | Gained mutation: You are immune to rotting. [demonic ancestry]
  1461 | D:3      | Reached XP level 5. HP: 19/41 MP: 1/5
  2470 | D:4      | Reached skill level 4 in Long Blades
  2675 | D:4      | Reached XP level 6. HP: 30/47 MP: 6/6
  2992 | D:4      | Found Ciploget's Armour Emporium.
  3231 | D:4      | Noticed Duvessa
  3231 | D:4      | Noticed Dowan
  3258 | D:4      | HP: 3/72 [poisoned by Duvessa]
  4137 | D:4      | HP: 1/48 [poisoned by Duvessa]
  4138 | D:4      | Succumbed to Duvessa's poison

Vault maps used:
D:1:      dpeg_arrival_connections, ashenzari_altar_1
D:2:      lemuel_upstairs_altar, hangedman_abyss_or_decor_lesser_grid,
          led_sif_pool, uniq_jessica
D:4:      first_bread, serial_shops, shop, uniq_duvessa

Action                   |  1- 3 |  4- 6 || total
-------------------------+-------+-------++-------
Melee: Long sword        |    85 |   264 ||   349
Throw: Tomahawk          |       |     2 ||     2
  Use: Scroll            |       |    14 ||    14
       Potion            |       |     3 ||     3
  Eat: Chunk             |       |    10 ||    10
